 Dungeon Crawl Stone Soup version 0.28-a0-1235-g7c8fac35f0 (webtiles) character file.

Game seed: 18373206965797316736

110 Vash the Insei (level 4, 0/34 HPs)
             Began as a Gnoll Transmuter on Dec 24, 2021.
             Killed by divine providence
             ... invoked by an orc priest
              (14 damage)
             ... on level 3 of the Dungeon.
             The game lasted 00:02:58 (2438 turns).

Vash the Insei (Gnoll Transmuter)                   Turns: 2438, Time: 00:02:59

Health: 0/34       AC:  5    Str: 12    XL:     4   Next: 91%
Magic:  11/11      EV: 13    Int: 12    God:
Gold:   68         SH:  0    Dex: 12    Spells: 9/13 levels left

rFire   . . .      SeeInvis .     - Unarmed
rCold   . . .      Faith    .   (no shield)
rNeg    . . .      Spirit   .   a - +0 robe
rPois   .          Reflect  .   e - +2 helmet
rElec   .          Harm     .   (no cloak)
rCorr   .          Rampage  .   (no gloves)
Will    .....                   (no boots)
Stlth   ++........              (no amulet)
HPRegen 0.11/turn               (no ring)
MPRegen 0.12/turn               (no ring)

@: attractive
A: fangs 1, strong nose, distributed training
a: no special abilities


You were on level 3 of the Dungeon.
You visited 1 branch of the dungeon, and saw 3 of its levels.

You collected 68 gold pieces.

Inventory:

Armour
 a - a +0 robe (worn)
 e - a +2 helmet (worn)
Jewellery
 m - a ring of flight
Scrolls
 c - a scroll of fog {unknown}
 d - a scroll of noise {unknown}
 g - a scroll of fear {unknown}
 j - a scroll of enchant armour {unknown}
 l - 2 scrolls of identify {unknown}
 n - a scroll of magic mapping {unknown}
Potions
 h - 2 potions of lignification {unknown}
 i - 2 potions of haste {unknown}
 k - a potion of heal wounds {unknown}


   Skills:
 + Level 2.8 Fighting
 + Level 1.2 Short Blades
 + Level 1.2 Long Blades
 + Level 1.2 Axes
 + Level 1.2 Maces & Flails
 + Level 1.2 Polearms
 + Level 1.2 Staves
 + Level 1.2 Slings
 + Level 1.2 Bows
 + Level 1.2 Crossbows
 + Level 1.2 Throwing
 + Level 1.2 Armour
 + Level 4.7 Dodging
 + Level 1.2 Stealth
 + Level 1.2 Shields
 + Level 6.6 Unarmed Combat
 + Level 5.1 Spellcasting
 + Level 1.0 Conjurations
 + Level 1.0 Hexes
 + Level 1.0 Summonings
 + Level 1.0 Necromancy
 + Level 1.0 Translocations
 + Level 3.9 Transmutations
 + Level 1.0 Fire Magic
 + Level 1.0 Ice Magic
 + Level 1.0 Air Magic
 + Level 1.0 Earth Magic
 + Level 1.0 Poison Magic
 + Level 1.4 Invocations
 + Level 1.2 Evocations


You had 9 spell levels left.
You knew the following spells:

 Your Spells              Type           Power      Damage    Failure   Level
a - Beastly Appendage     Tmut           24%        N/A       4%          1
b - Spider Form           Tmut/Pois      9%         N/A       22%         3

Your spell library contained the following spells:

 Spells                   Type           Power      Damage    Failure   Level
 Wereblood                Tmut           12%        N/A       6%          2
 Ice Form                 Ice/Tmut       9%         N/A       56%         4


Dungeon Overview and Level Annotations

Branches:
Dungeon (3/15)

Altars:
Makhleb

Shops:
D:1 (


Innate Abilities, Weirdness & Mutations

You have very sharp teeth.
Your uncanny sense of smell can sniff out nearby items.
Your experience applies equally to all skills.


Message History

There is an open door here.
Unknown command.
Unknown command.
You close the door.
An orc breaks down the door.
The orc priest looks satisfied for a moment.
The orc priest looks encouraged for a moment.
There is an open door here.
Your horns disappear.
Your talons disappear.
Your +2 helmet unmelds from your body.
It was a potion of attraction.
You feel attractive to monsters. The orc is attracted toward you.
The orc priest is attracted toward you. The orc wizard is attracted toward you.
The orc wizard mumbles some strange words.
The orc wizard flickers and vanishes!
Deactivating autopickup; reactivate with Ctrl-A.
The orc is attracted toward you. The orc priest is attracted toward you.
Something is attracted toward you. Something is attracted toward you.
Something is attracted toward you. The orc is attracted toward you.
The orc priest is attracted toward you. Something is attracted toward you.
The orc priest mumbles some strange prayers to Beogh against you.
Beogh smites you!
* * * LOW HITPOINT WARNING * * *
The orc is attracted toward you. The orc priest is attracted toward you.
Something is attracted toward you. The orc is attracted toward you.
The orc priest is attracted toward you. Something is attracted toward you.
Something is attracted toward you.
It was a potion of curing.
You feel better. The orc barely misses you. The orc is attracted toward you.
The orc priest is attracted toward you. Something is attracted toward you.
The orc is attracted toward you. The orc priest is attracted toward you.
Something is attracted toward you. The orc is attracted toward you.
The orc priest is attracted toward you. Something is attracted toward you.
The orc priest mumbles some strange prayers to Beogh against you.
Beogh smites you!
You die...

#...P #.##.##.#.# #...
#.##....#.#
###..#############.#.......#
+......#....................
#......#.#########.....#####
######.#.###########(#......
........†.........>......####
........#†##.########.##.#
##..#####<##@# #.....##.# ##
####.# #.######.#### #o# #.#
#..... #o# ##'## #####. #o#
#...##### #. ............ #{#
#...'...#####. ...........
#{# #...###.##....
.......o... #{# #...#
#.##.### ....:..... #{# #...#
#.##.#


You could see an orc priest and 2 orcs.

Vanquished Creatures
  Terence (D:2)
  3 adders
  2 worms (D:2)
  A dart slug (D:2)
  9 ball pythons
  11 bats
  4 endoplasms
  2 giant cockroaches (D:1)
  2 goblins (D:1)
  3 hobgoblins
  A quokka (D:1)
  3 frilled lizards
  3 kobolds
  7 rats
52 creatures vanquished.

Vanquished Creatures (others)
  2 plants (D:3)
2 creatures vanquished.

Grand Total: 54 creatures vanquished

Notes
Turn   | Place    | Note
-------+----------+-------------------------------------------
     0 | D:1      | Vash the Gnoll Transmuter began the quest for the Orb.
     0 | D:1      | Reached XP level 1. HP: 17/17 MP: 6/6
    83 | D:1      | Reached XP level 2. HP: 20/23 MP: 7/7
   457 | D:1      | Found a faded altar of an unknown god.
   625 | D:1      | Reached XP level 3. HP: 20/28 MP: 7/9
   731 | D:1      | Found Jajuaf's Antique Weapon Shop.
   825 | D:1      | Reached skill level 5 in Spellcasting
  1117 | D:2      | Reached skill level 1 in Invocations
  1327 | D:2      | Reached skill level 1 in Short Blades
  1327 | D:2      | Reached skill level 1 in Long Blades
  1327 | D:2      | Reached skill level 1 in Axes
  1327 | D:2      | Reached skill level 1 in Maces & Flails
  1327 | D:2      | Reached skill level 1 in Polearms
  1327 | D:2      | Reached skill level 1 in Staves
  1327 | D:2      | Reached skill level 1 in Slings
  1327 | D:2      | Reached skill level 1 in Bows
  1327 | D:2      | Reached skill level 1 in Crossbows
  1327 | D:2      | Reached skill level 1 in Throwing
  1327 | D:2      | Reached skill level 1 in Armour
  1327 | D:2      | Reached skill level 1 in Stealth
  1327 | D:2      | Reached skill level 1 in Shields
  1327 | D:2      | Reached skill level 1 in Evocations
  1335 | D:2      | Reached XP level 4. HP: 34/34 MP: 11/11
  1445 | D:2      | Learned a level 3 spell: Spider Form
  1521 | D:2      | Noticed Terence
  1601 | D:2      | Killed Terence
  1835 | D:2      | Reached skill level 1 in Conjurations
  1835 | D:2      | Reached skill level 1 in Hexes
  1835 | D:2      | Reached skill level 1 in Summonings
  1835 | D:2      | Reached skill level 1 in Necromancy
  1835 | D:2      | Reached skill level 1 in Translocations
  1835 | D:2      | Reached skill level 1 in Fire Magic
  1835 | D:2      | Reached skill level 1 in Ice Magic
  1835 | D:2      | Reached skill level 1 in Air Magic
  1835 | D:2      | Reached skill level 1 in Earth Magic
  1835 | D:2      | Reached skill level 1 in Poison Magic
  2378 | D:3      | Found a burning altar of Makhleb.
  2438 | D:3      | Killed from afar by an orc priest

Illustrated notes

Levels and vault maps discovered:
D:1:      saegor_arrival_fortress, layout_rooms,
          hellmonk_ecumenical_altar_zigzags, serial_shops, shop_fountains,
          st_stairs_11
D:2:      layout_loops_ring, uniq_terence
D:3:      layout_basic, bloody_makhleb, chequers_garden,
          minmay_shallow_snake_nest

Skill      XL: |  1  2  3  4 |
---------------+-------------+-----
Spellcasting   | 5 |  5.1
Invocations    | 1 |  1.4
Short Blades   | 1 |  1.2
Long Blades    | 1 |  1.2
Axes           | 1 |  1.2
Maces & Flails | 1 |  1.2
Polearms       | 1 |  1.2
Staves         | 1 |  1.2
Slings         | 1 |  1.2
Bows           | 1 |  1.2
Crossbows      | 1 |  1.2
Throwing       | 1 |  1.2
Armour         | 1 |  1.2
Stealth        | 1 |  1.2
Shields        | 1 |  1.2
Evocations     | 1 |  1.2
Conjurations   | 1 |  1.0
Hexes          | 1 |  1.0
Summonings     | 1 |  1.0
Necromancy     | 1 |  1.0
Translocations | 1 |  1.0
Fire Magic     | 1 |  1.0
Ice Magic      | 1 |  1.0
Air Magic      | 1 |  1.0
Earth Magic    | 1 |  1.0
Poison Magic   | 1 |  1.0
Fighting       | |  2.8
Dodging        | |  4.7
Unarmed Combat | |  6.6
Transmutations | |  3.9

Action                   |  1- 3 |  4- 6 || total
-------------------------+-------+-------++-------
Melee: Unarmed           |   110 |    40 ||   150
       Bite              |     9 |     4 ||    13
       Kick              |    10 |     6 ||    16
       Punch             |     4 |     1 ||     5
       Headbutt          |     2 |     1 ||     3
 Cast: Beastly Appendage |    10 |     7 ||    17
  Use: Potion            |       |     2 ||     2
 Stab: Sleeping          |       |     2 ||     2
Armor: Robe              |    43 |     8 ||    51
Dodge: Dodged            |   112 |    43 ||   155

Table legend: (Time is in decaauts)
 A = Elapsed time spent in this place.
 B = Non-inter-level travel time spent in this place.
 C = Inter-level travel time spent in this place.
 D = Time resting spent in this place.
 E = Time spent auto-exploring this place.
 F = Levels seen in this place.
 G = Mean time per level.
                   A        B        C        D        E       F      G
               +--------+--------+--------+--------+--------+-----+--------+
         Total |   2420 |   2393 |     27 |    537 |   1345 |   3 |  806.7 |
       Dungeon |   2420 |   2393 |     27 |    537 |   1345 |   3 |  806.7 |
               +--------+--------+--------+--------+--------+-----+--------+

Top non-repeatable levels by time:
     D:2: 1132 daAuts
     D:1: 989 daAuts
     D:3: 298 daAuts
